 Dungeon Crawl Stone Soup version 0.21.1-1-g345015fe64 (webtiles) character file.

37 Jens78 the Insei (level 3, 0/23 HPs)
             Began as an Octopode Transmuter on June 4, 2018.
             Shot with a stone by a goblin (7 damage)
             ... on level 2 of the Dungeon on June 5, 2018.
             The game lasted 00:38:12 (1408 turns).

Jens78 the Insei (Octopode Transmuter)              Turns: 1408, Time: 00:38:12

Health: 0/23       AC:  1    Str:  9    XL:     3   Next: 39%
Magic:  6/6        EV: 13    Int: 15    God:
Gold:   80         SH:  0    Dex: 13    Spells: 3/6 levels left

rFire    . . .     SeeInvis .     - Unarmed
rCold    . . .     Gourm    .   (no shield)
rNeg     . . .     Faith    .   (helmet restricted)
rPois    .         Spirit   .   (no amulet)
rElec    .         Reflect  .   (no ring)
rCorr    .         Harm     .   (no ring)
MR       .....                  (no ring)
Stlth    +++.......             (no ring)
HPRegen  0.07/turn              (no ring)
MPRegen  0.10/turn              (no ring)
                                (no ring)
                                (no ring)

@: no status effects
A: almost no armour, stealthy swim, amphibious, 8 rings, constrict 8, camouflage
1, gelatinous body 1
a: no special abilities


You were on level 2 of the Dungeon.
You were not hungry.

You visited 1 branch of the dungeon, and saw 3 of its levels.

You collected 80 gold pieces.

Inventory:

Hand Weapons
 g - a +0 mace
Missiles
 a - 12 arrows
 e - 79 stones (quivered)
Scrolls
 d - a scroll of magic mapping {unknown}
 f - a scroll of immolation {unknown}
 h - a scroll of remove curse {unknown}
 i - 3 scrolls of identify {unknown}
 j - a scroll of fog {unknown}
Potions
 k - 3 potions of curing {unknown}
 l - 2 potions of flight {unknown}
Books
 b - a book of Changes

   Spells                             Type                      Level
   a - Beastly Appendage              Transmutation                1
   b - Sticks to Snakes               Transmutation                2
   c - Spider Form                    Transmutation/Poison         3
   d - Ice Form                       Ice/Transmutation            4
   e - Blade Hands                    Transmutation                5
Comestibles
 c - 3 rations


   Skills:
 + Level 1.0 Fighting
 + Level 2.1 Dodging
 + Level 1.4 Stealth
 + Level 3.6 Unarmed Combat
 + Level 2.2 Spellcasting
 + Level 2.4 Transmutations


You had 3 spell levels left.
You knew the following spells:

 Your Spells              Type           Power        Failure   Level  Hunger
a - Beastly Appendage     Tmut           #.....       9%          1    #......
b - Sticks to Snakes      Tmut           #.......     12%         2    ###....


Dungeon Overview and Level Annotations

Branches:
Dungeon (3/15)

Altars:


Innate Abilities, Weirdness & Mutations

You cannot wear most types of armour.
You are very stealthy in the water. (Stealth+)
You are amphibious.
You can wear up to eight rings at the same time.
You can use your tentacles to constrict eight enemies at once.
Your skin changes colour to match your surroundings (Stealth+).
Your rubbery body absorbs attacks. (AC +1, EV +1)


Message History

You don't know that spell.
You eat one of the 4 rations.
That ration really hit the spot!
Throwing (i - inventory):
e - 82 stones (quivered)
Press: ? - help, Shift-Dir - straight line, f - goblin
Aim: a goblin, wielding a dagger (hasn't noticed you)
You throw a stone. The stone closely misses the goblin.
The goblin shouts!
You hear an angry hiss.
The goblin unwields an uncursed dagger.
The goblin wields a hunting sling.
The goblin shoots a stone.
The stone hits you.
Throwing (i - inventory):
e - 81 stones (quivered)
Press: ? - help, Shift-Dir - straight line, f/p - goblin
Aim: a goblin, wielding a hunting sling You throw a stone.
The stone closely misses the goblin.
The goblin shoots a stone.
The stone hits you.
Throwing (i - inventory):
e - 80 stones (quivered)
Press: ? - help, Shift-Dir - straight line, f/p - goblin
Aim: a goblin, wielding a hunting sling You throw a stone.
The stone barely misses the goblin.
The goblin shoots a stone.
The stone hits you!
You die...

. #.# #.#
#..#####.######.### #
#...........<.....#
#....[###...###.....# .
.......##...###.....##..
.......<....>^..........
......###.#.###.....###
#.....###.#.# #.....#
#(..g.@..#.# ###.#.#
#..######..# #.#.#
#.#.#####.# #
..###......# ...#
##.....# #### #.###.##
#.# #... #.# ##### ##


You could see a goblin.

Vanquished Creatures
  An adder (D:2)
  An ooze (D:1)
  2 giant cockroaches (D:1)
  3 goblins (D:1)
  4 hobgoblins (D:1)
  2 jackals (D:1)
  2 bats (D:1)
  2 frilled lizards (D:1)
  A kobold (D:1)
  4 rats (D:1)
22 creatures vanquished.

Notes
Turn   | Place    | Note
-------+----------+-------------------------------------------
     0 | D:1      | Jens78 the Octopode Transmuter began the quest for the Orb.
     0 | D:1      | Reached XP level 1. HP: 13/13 MP: 3/3
    59 | D:1      | Reached XP level 2. HP: 10/18 MP: 5/5
   343 | D:1      | Learned a level 2 spell: Sticks to Snakes
   894 | D:1      | Reached XP level 3. HP: 23/23 MP: 4/6
  1287 | D:2      | Reached skill level 1 in Stealth
  1408 | D:2      | Shot with a stone by a goblin

Skill      XL: |  1  2  3 |
---------------+----------+-----
Stealth        | 1 |  1.4
Fighting       | |  1.0
Dodging        | |  2.1
Unarmed Combat | |  3.6
Spellcasting   | |  2.2
Transmutations | |  2.4

Action                   || total
-------------------------++-------
Melee: Unarmed           ||    51
       Constrict         ||    10
       Tentacles         ||     4
       Kick              ||     3
Throw: Stone             ||    31
 Cast: Beastly Appendage ||    10
  Eat: Ration            ||     1
       Chunk             ||     1
Armor: Skin              ||     2
Dodge: Dodged            ||    34
